Capitals vs RedWings

Created - December-11-14 at 17:46

Goals
1 2 3 T
Capitals 2 0 1 3
RedWings 1 2 2 5
Shots
1 2 3 T
Capitals 13 10 7 30
RedWings 15 11 24 50

1st period

1. Capitals , Alexander Semin 10 (Bryce Salvador, Alexander Ovechkin) at 6:37
2. Capitals , Taylor Hall 17 (David Desharnais) at 10:28 (PP)
3. RedWings , Tyler Toffoli 8 (Paul Martin, Mark Arcobello) at 14:09

Penalties :
Jiri Tlusty (WSH) for Roughing (Minor) at 3:09, Hal Gill (DET) for Hooking (Minor) at 10:26, Paul Martin (DET) for Tripping (Minor) at 17:01

2nd period

4. RedWings , Loui Eriksson 11 (Joe Thornton) at 9:18 (PP)
5. RedWings , Paul Martin 3 (Mark Arcobello, Jake Gardiner) at 15:56 (PP)

Penalties :
Paul Martin (DET) for Elbowing (Minor) at 6:14, Alexander Ovechkin (WSH) for Hooking (Minor) at 9:14, Jay Harrison (WSH) for High sticking (Minor) at 10:44, Bryce Salvador (WSH) for Cross-checking (Minor) at 15:42, Matt Stajan (WSH) for Roughing (Minor) at 15:57

3rd period

6. RedWings , Sam Gagner 13 (Loui Eriksson, Paul Martin) at 6:08
7. RedWings , Sean Bergenheim 11 (Jake Gardiner, Mark Arcobello) at 9:15 (PP)
8. Capitals , T.J. Galiardi 1 (Jay Harrison, Cody Eakin) at 19:02

Penalties :
T.J. Galiardi (WSH) for Holding (Minor) at 2:22, Nate Guenin (WSH) for Roughing (Double Minor) at 8:45, Matt Stajan (WSH) for High sticking (Double Minor) at 13:43, Tuomo Ruutu (DET) for High sticking (Minor) at 16:36, Alexander Ovechkin (WSH) for Boarding (Minor) at 19:46

Goalie Stats

Jimmy Howard (WSH), 45 saves from 50 shots - (0.900), L, 7-9-3, 60:00 minutes
Roberto Luongo (DET), 27 saves from 30 shots - (0.900), W, 12-6-3, 60:00 minutes

Players Stats for Capitals

Player Name              G  A  P  +/- PIM S  H  SB GA TA FO     MP     PP MP  PK MP  
------------------------------------------------------------------------------------
Alexander Ovechkin       0  1  1   0  4   3  5  0  0  0  3/6    22:49   2:26   1:49 
Alexander Semin          1  0  1   0  0   5  0  0  0  0  3/4    19:45   2:26   3:19 
Bryce Salvador           0  1  1   1  2   1  5  2  0  0  0/0    16:53   0:00   6:15 
Cody Eakin               0  1  1   0  0   0  1  0  0  0  0/0    10:23   0:00   0:00 
Corey Potter             0  0  0   0  0   0  0  1  0  0  0/0     4:12   0:00   1:57 
Daniel Briere            0  0  0   0  0   0  0  0  0  0  4/7     7:04   0:00   3:28 
David Desharnais         0  1  1   0  0   3  0  0  0  0  14/24  17:00   2:26   0:28 
Dmitri Orlov             0  0  0  -1  0   3  0  0  0  0  0/0    16:17   2:14   0:00 
Jay Harrison             0  1  1   1  2   0  2  0  0  0  0/0    10:38   0:00   0:00 
Jiri Tlusty              0  0  0   0  2   3  0  0  0  0  4/10   18:36   2:27   3:57 
Mathieu Perreault        0  0  0   0  0   1  0  0  0  0  6/15   10:37   0:00   0:00 
Matt Stajan              0  0  0   0  6   1  2  0  0  0  19/37  20:34   2:27   5:56 
Mike Green               0  0  0   0  0   1  1  1  0  0  0/0    23:28   2:14   6:29 
Nate Guenin              0  0  0  -1  4   1  2  3  0  0  0/0    19:01   0:00   5:23 
Ryan McDonagh            0  0  0   0  0   2  2  1  0  0  0/0    26:49   2:39   7:34 
T.J. Galiardi            1  0  1   0  2   1  2  0  0  0  0/0    10:22   0:00   0:00 
Taylor Hall              1  0  1   0  0   5  0  1  0  0  0/2    24:25   2:39   8:41 
Tomas Fleischmann        0  0  0   0  0   0  0  0  0  0  0/2     6:03   2:27   0:00 

Players Stats for RedWings

Player Name              G  A  P  +/- PIM S  H  SB GA TA FO     MP     PP MP  PK MP  
------------------------------------------------------------------------------------
Alexandre Burrows        0  0  0   1  0   1  4  0  0  0  0/1    16:28   7:17   1:21 
Andrew Cogliano          0  0  0   0  0   0  0  0  0  0  0/0     0:00   0:00   0:00 
Eric Brewer              0  0  0   0  0   3  6  4  0  0  0/0    24:17   5:25   2:23 
Erik Haula               0  0  0   0  0   0  0  0  0  0  0/0     0:00   0:00   0:00 
Hal Gill                 0  0  0   1  2   0  1  1  0  0  0/0     8:01   0:00   0:00 
Jake Gardiner            0  2  2   0  0   1  0  4  0  0  0/0    27:21   8:32   2:30 
Joe Thornton             0  1  1  -1  0   4  0  0  0  0  25/41  21:39   6:45   3:35 
Kevin Connauton          0  0  0  -1  0   0  0  0  0  0  0/0     9:58   0:32   2:15 
Loui Eriksson            1  1  2   0  0   6  0  1  0  0  0/3    25:33   7:11   0:00 
Mark Arcobello           0  3  3   1  0   3  1  0  0  0  8/23   14:22   6:32   0:00 
Mark Fraser              0  0  0  -1  0   1  3  2  0  0  0/0    24:30   5:17   2:26 
Ondrej Palat             0  0  0   0  0   5  2  0  0  0  1/1    18:07   0:00   0:00 
Paul Martin              1  2  3   1  4   13 1  0  0  0  0/0    25:50   7:52   0:12 
Sam Gagner               1  0  1   0  0   4  0  1  0  0  18/33  20:03   0:00   1:18 
Sean Bergenheim          1  0  1  -1  0   4  1  0  0  0  1/2    21:23   6:32   3:32 
Tuomo Ruutu              0  0  0  -1  2   0  5  0  0  0  1/1    20:59   6:31   0:00 
Tyler Toffoli            1  0  1   1  0   4  0  0  0  0  0/0    12:30   0:38   0:00 
Ville Leino              0  0  0   0  0   1  0  0  0  0  0/2     2:56   0:00   0:00 

3 Stars

1 - Mark Arcobello (DET)
2 - Paul Martin (DET)
3 - Loui Eriksson (DET)

Power Play

Capitals - 1 on 4 Attempt(s) - 25.00%
RedWings - 3 on 11 Attempt(s) - 27.27%

Penalty Kill

Capitals - 8 on 11 Attempt(s) - 72.73% - Score 0 goal in Penalty Kill
RedWings - 3 on 4 Attempt(s) - 75.00% - Score 0 goal in Penalty Kill

Team Stat

Capitals - Hits : 22 - Faceoff Wins : 53 - Blocked Shots : 9 - Penalty Minutes : 22
RedWings - Hits : 24 - Faceoff Wins : 54 - Blocked Shots : 13 - Penalty Minutes : 8

Official

Referees : Tom Kowal and Tim Peel
Linesman : Brad Kovachik and Darren Gibbs

Game Notes

No Game Note

Finance

Level 1 -- Attendance: 6135 (94.38%) -- Ticket Income $460,125
Level 2 -- Attendance: 5000 (100.00%) -- Ticket Income $250,000
Level 3 -- Attendance: 3410 (97.43%) -- Ticket Income $102,300
Level 4 -- Attendance: 2813 (69.18%) -- Ticket Income $56,260
Luxury Box -- Attendance: 939 (93.90%) -- Ticket Income $140,850
Game was played at the Joe Louis Arena'
Total Attendance: 18297 (91.18%)
Total Ticket Income: $1,009,535
Other Income: $151,430
Total Income: $1,160,965

% Time on Ice - Capitals

Lines # - Real PCT - Wanted PCT - Time Play
Normal Forward
1 - 35% - 36% - 14:00
2 - 30% - 33% - 12:13
3 - 26% - 16% - 10:23
4 - 9% - 15% - 3:36
Normal Defense
1 - 35% - 35% - 14:00
2 - 33% - 30% - 13:18
3 - 26% - 25% - 10:39
4 - 6% - 10% - 2:15
PP Forward
1 - 50% - 60% - 2:26
2 - 50% - 40% - 2:27
PP Defense
1 - 54% - 60% - 2:39
2 - 46% - 40% - 2:14
PK Forward
1 - 76% - 60% - 10:30
2 - 24% - 40% - 3:19
PK Defense
1 - 53% - 60% - 7:20
2 - 47% - 40% - 6:29
PK3 Forward
1 - 0% - 60%
2 - 0% - 40%
PK3 Defense
1 - 0% - 60%
2 - 0% - 40%
44 Forward
1 - 91% - 60% - 1:00
2 - 9% - 40% - 0:06
44 Defense
1 - 32% - 60% - 0:21
2 - 68% - 40% - 0:45
Last Minute Offensive  - 0:00
Last Minute Defensive  - 0:00
Total
Forward - 60:00
Defense - 60:00

% Time on Ice - RedWings

Lines # - Real PCT - Wanted PCT - Time Play
Normal Forward
1 - 45% - 45% - 18:07
2 - 28% - 35% - 11:19
3 - 19% - 15% - 7:50
4 - 7% - 5% - 2:56
Normal Defense
1 - 39% - 40% - 15:51
2 - 23% - 30% - 9:08
3 - 20% - 20% - 8:02
4 - 18% - 10% - 7:11
PP Forward
1 - 53% - 60% - 7:17
2 - 47% - 40% - 6:32
PP Defense
1 - 61% - 60% - 8:24
2 - 39% - 40% - 5:25
PK Forward
1 - 73% - 60% - 3:35
2 - 27% - 40% - 1:18
PK Defense
1 - 49% - 60% - 2:23
2 - 51% - 40% - 2:30
PK3 Forward
1 - 0% - 60%
2 - 0% - 40%
PK3 Defense
1 - 0% - 60%
2 - 0% - 40%
44 Forward
1 - 100% - 60% - 1:06
2 - 0% - 40% - 0:00
44 Defense
1 - 58% - 60% - 0:38
2 - 42% - 40% - 0:28
Last Minute Offensive  - 0:00
Last Minute Defensive  - 0:00
Total
Forward - 60:00
Defense - 60:00

Play by Play

1st period


0:01 of 1st period - David Desharnais wins face-off versus Sam Gagner in neutral zone.
0:01 of 1st period - David Desharnais is hit by Ondrej Palat.
0:11 of 1st period - Shot by Mike Green.
0:11 of 1st period - Shot Blocked by Sam Gagner.
0:20 of 1st period - Icing by Mike Green.
0:21 of 1st period - Joe Thornton wins face-off versus David Desharnais in Capitals zone.
0:22 of 1st period - Shot by Paul Martin.
0:22 of 1st period - Stopped by Jimmy Howard without a rebound.
0:23 of 1st period - Joe Thornton wins face-off versus Matt Stajan in Capitals zone.
0:56 of 1st period - Shot by Sean Bergenheim.
0:56 of 1st period - Deflect By Joe Thornton.
0:56 of 1st period - Shot Misses the Net.
1:56 of 1st period - Shot by Mathieu Perreault.
1:56 of 1st period - Stopped by Roberto Luongo without a rebound.
1:57 of 1st period - David Desharnais wins face-off versus Mark Arcobello in RedWings zone.
2:11 of 1st period - Alexandre Burrows is hit by Ryan McDonagh and loses puck.
2:14 of 1st period - Shot by Tyler Toffoli.
2:14 of 1st period - Shot Hit the Post.
2:16 of 1st period - Shot by Paul Martin.
2:16 of 1st period - Stopped by Jimmy Howard without a rebound.
2:17 of 1st period - Daniel Briere wins face-off versus Joe Thornton in Capitals zone.
2:30 of 1st period - Icing by Joe Thornton.
2:31 of 1st period - Matt Stajan wins face-off versus Joe Thornton in RedWings zone.
2:31 of 1st period - Taylor Hall is hit by Mark Fraser and loses puck.
2:36 of 1st period - Shot by Taylor Hall.
2:36 of 1st period - Shot Misses the Net.
2:38 of 1st period - Shot by Bryce Salvador.
2:38 of 1st period - Stopped by Roberto Luongo without a rebound.
2:39 of 1st period - Sam Gagner wins face-off versus David Desharnais in RedWings zone.
2:39 of 1st period - Sam Gagner is hit by Alexander Ovechkin.
2:49 of 1st period - Shot by Alexander Semin.
2:49 of 1st period - Stopped by Roberto Luongo with a rebound.
2:51 of 1st period - Shot by Alexander Semin.
2:51 of 1st period - Shot Blocked by Hal Gill.
2:56 of 1st period - David Desharnais is hit by Paul Martin and loses puck.
3:02 of 1st period - Icing by Paul Martin.
3:03 of 1st period - Matt Stajan wins face-off versus Sam Gagner in RedWings zone.
3:09 of 1st period - Minor Penalty to Jiri Tlusty for Roughing.
3:10 of 1st period - Mark Arcobello wins face-off versus Matt Stajan in Capitals zone.
3:21 of 1st period - Shot by Mark Arcobello.
3:21 of 1st period - Deflect By Sean Bergenheim.
3:21 of 1st period - Shot Misses the Net.
3:23 of 1st period - Shot by Mark Fraser.
3:23 of 1st period - Shot Misses the Net.
3:25 of 1st period - Shot by Mark Fraser.
3:25 of 1st period - Shot Blocked by Nate Guenin.
3:35 of 1st period - Shot by Mark Arcobello.
3:35 of 1st period - Stopped by Jimmy Howard without a rebound.
3:36 of 1st period - Matt Stajan wins face-off versus Alexandre Burrows in Capitals zone.
3:57 of 1st period - Nate Guenin is hit by Alexandre Burrows and loses puck.
4:10 of 1st period - Shot by Paul Martin.
4:10 of 1st period - Stopped by Jimmy Howard without a rebound.
4:11 of 1st period - Daniel Briere wins face-off versus Mark Arcobello in Capitals zone.
4:11 of 1st period - Daniel Briere is hit by Tuomo Ruutu.
4:22 of 1st period - Mark Arcobello is hit by Bryce Salvador and loses puck.
4:32 of 1st period - Tuomo Ruutu is hit by Bryce Salvador and loses puck.
4:40 of 1st period - Tuomo Ruutu is hit by Bryce Salvador.
5:16 of 1st period - Shot by Ondrej Palat.
5:16 of 1st period - Stopped by Jimmy Howard with a rebound.
5:18 of 1st period - Shot by Hal Gill.
5:18 of 1st period - Shot Blocked by Nate Guenin.
5:20 of 1st period - Shot by Hal Gill.
5:20 of 1st period - Deflect By Sam Gagner.
5:20 of 1st period - Shot Misses the Net.
5:28 of 1st period - Shot by Loui Eriksson.
5:28 of 1st period - Stopped by Jimmy Howard with a rebound.
5:30 of 1st period - Shot by Paul Martin.
5:30 of 1st period - Stopped by Jimmy Howard with a rebound.
6:00 of 1st period - Shot by Mark Arcobello.
6:00 of 1st period - Shot Misses the Net.
6:29 of 1st period - Shot by Matt Stajan.
6:29 of 1st period - Shot Misses the Net.
6:31 of 1st period - Shot by Jiri Tlusty.
6:31 of 1st period - Stopped by Roberto Luongo without a rebound.
6:32 of 1st period - David Desharnais wins face-off versus Joe Thornton in RedWings zone.
6:37 of 1st period - Shot by Alexander Semin.
6:37 of 1st period - Goal by Alexander Semin - Capitals : 1 - RedWings : 0.
6:38 of 1st period - Joe Thornton wins face-off versus David Desharnais in neutral zone.
7:01 of 1st period - Shot by Sean Bergenheim.
7:01 of 1st period - Stopped by Jimmy Howard with a rebound.
7:08 of 1st period - Icing by Alexander Ovechkin.
7:09 of 1st period - David Desharnais wins face-off versus Sam Gagner in Capitals zone.
7:15 of 1st period - Shot by David Desharnais.
7:15 of 1st period - Stopped by Roberto Luongo without a rebound.
7:16 of 1st period - Sam Gagner wins face-off versus Jiri Tlusty in RedWings zone.
7:30 of 1st period - Jiri Tlusty is hit by Eric Brewer and loses puck.
7:33 of 1st period - Shot by Jiri Tlusty.
7:33 of 1st period - Shot Blocked by Eric Brewer.
7:35 of 1st period - Shot by Bryce Salvador.
7:35 of 1st period - Shot Misses the Net.
8:14 of 1st period - Icing by Jake Gardiner.
8:15 of 1st period - Ondrej Palat wins face-off versus Tomas Fleischmann in RedWings zone.
8:17 of 1st period - Icing by Loui Eriksson.
8:18 of 1st period - Sam Gagner wins face-off versus Daniel Briere in RedWings zone.
9:27 of 1st period - Icing by Mark Fraser.
9:28 of 1st period - Joe Thornton wins face-off versus Taylor Hall in RedWings zone.
9:42 of 1st period - Icing by Dmitri Orlov.
9:43 of 1st period - Sam Gagner wins face-off versus Matt Stajan in Capitals zone.
10:17 of 1st period - Shot by Loui Eriksson.
10:17 of 1st period - Deflect By Ondrej Palat.
10:17 of 1st period - Stopped by Jimmy Howard without a rebound.
10:18 of 1st period - Mark Arcobello wins face-off versus Mathieu Perreault in Capitals zone.
10:26 of 1st period - Minor Penalty to Hal Gill for Hooking.
10:27 of 1st period - David Desharnais wins face-off versus Joe Thornton in RedWings zone.
10:28 of 1st period - Shot by Taylor Hall.
10:28 of 1st period - Goal by Taylor Hall - Capitals : 2 - RedWings : 0.
10:29 of 1st period - David Desharnais wins face-off versus Mark Arcobello in neutral zone.
10:34 of 1st period - Shot by Alexander Ovechkin.
10:34 of 1st period - Shot Blocked by Jake Gardiner.
10:36 of 1st period - Shot by Alexander Ovechkin.
10:36 of 1st period - Shot Blocked by Jake Gardiner.
10:38 of 1st period - Shot by Bryce Salvador.
10:38 of 1st period - Shot Blocked by Jake Gardiner.
10:40 of 1st period - Shot by Jay Harrison.
10:40 of 1st period - Shot Misses the Net.
10:44 of 1st period - Shot by Alexander Ovechkin.
10:44 of 1st period - Shot Misses the Net.
11:06 of 1st period - Shot by Alexander Ovechkin.
11:06 of 1st period - Stopped by Roberto Luongo without a rebound.
11:07 of 1st period - Matt Stajan wins face-off versus Joe Thornton in RedWings zone.
11:34 of 1st period - Ryan McDonagh is hit by Tuomo Ruutu and loses puck.
11:39 of 1st period - Shot by Joe Thornton.
11:39 of 1st period - Stopped by Jimmy Howard without a rebound.
11:40 of 1st period - Daniel Briere wins face-off versus Sam Gagner in Capitals zone.
11:59 of 1st period - Shot by Alexander Ovechkin.
11:59 of 1st period - Shot Misses the Net.
12:01 of 1st period - Shot by Nate Guenin.
12:01 of 1st period - Deflect By Alexander Ovechkin.
12:01 of 1st period - Shot Misses the Net.
12:03 of 1st period - Shot by Alexander Ovechkin.
12:03 of 1st period - Shot Misses the Net.
12:05 of 1st period - Shot by Nate Guenin.
12:05 of 1st period - Stopped by Roberto Luongo without a rebound.
12:06 of 1st period - Mathieu Perreault wins face-off versus Mark Arcobello in RedWings zone.
12:26 of 1st period - Shot by Ryan McDonagh.
12:26 of 1st period - Stopped by Roberto Luongo without a rebound.
12:27 of 1st period - Sam Gagner wins face-off versus David Desharnais in RedWings zone.
12:27 of 1st period - Sam Gagner is hit by Alexander Ovechkin.
12:39 of 1st period - Shot by Bryce Salvador.
12:39 of 1st period - Shot Misses the Net.
13:32 of 1st period - Shot by Jiri Tlusty.
13:32 of 1st period - Shot Misses the Net.
13:45 of 1st period - Off-side.
13:46 of 1st period - Mathieu Perreault wins face-off versus Mark Arcobello in neutral zone.
14:09 of 1st period - Shot by Tyler Toffoli.
14:09 of 1st period - Goal by Tyler Toffoli - Capitals : 2 - RedWings : 1.
14:10 of 1st period - Joe Thornton wins face-off versus Matt Stajan in neutral zone.
14:31 of 1st period - Shot by Joe Thornton.
14:31 of 1st period - Stopped by Jimmy Howard with a rebound.
15:06 of 1st period - Icing by Ryan McDonagh.
15:07 of 1st period - Sam Gagner wins face-off versus Matt Stajan in Capitals zone.
16:29 of 1st period - Shot by Mark Arcobello.
16:29 of 1st period - Stopped by Jimmy Howard without a rebound.
16:30 of 1st period - Joe Thornton wins face-off versus Mathieu Perreault in Capitals zone.
16:31 of 1st period - Shot by Paul Martin.
16:31 of 1st period - Stopped by Jimmy Howard with a rebound.
16:53 of 1st period - Hal Gill is hit by Cody Eakin and loses puck.
17:01 of 1st period - Minor Penalty to Paul Martin for Tripping.
17:02 of 1st period - Joe Thornton wins face-off versus Matt Stajan in RedWings zone.
17:14 of 1st period - Matt Stajan is hit by Mark Fraser and loses puck.
17:21 of 1st period - Shot by Jiri Tlusty.
17:21 of 1st period - Shot Misses the Net.
17:23 of 1st period - Shot by Taylor Hall.
17:23 of 1st period - Shot Misses the Net.
17:27 of 1st period - Shot by Ryan McDonagh.
17:27 of 1st period - Shot Misses the Net.
17:29 of 1st period - Shot by Ryan McDonagh.
17:29 of 1st period - Deflect By Matt Stajan.
17:29 of 1st period - Shot Blocked by Eric Brewer.
17:31 of 1st period - Shot by Taylor Hall.
17:31 of 1st period - Shot Misses the Net.
17:33 of 1st period - Shot by Jiri Tlusty.
17:33 of 1st period - Stopped by Roberto Luongo without a rebound.
17:34 of 1st period - Sam Gagner wins face-off versus David Desharnais in RedWings zone.
17:34 of 1st period - Alexandre Burrows is hit by Alexander Ovechkin and loses puck.
18:03 of 1st period - Icing by Dmitri Orlov.
18:04 of 1st period - Alexander Ovechkin wins face-off versus Joe Thornton in Capitals zone.
18:19 of 1st period - Shot by Dmitri Orlov.
18:19 of 1st period - Stopped by Roberto Luongo without a rebound.
18:20 of 1st period - Sam Gagner wins face-off versus Tomas Fleischmann in RedWings zone.
18:44 of 1st period - Icing by Taylor Hall.
18:45 of 1st period - Sam Gagner wins face-off versus Matt Stajan in Capitals zone.
18:46 of 1st period - Shot by Eric Brewer.
18:46 of 1st period - Stopped by Jimmy Howard without a rebound.
18:47 of 1st period - Joe Thornton wins face-off versus David Desharnais in Capitals zone.
18:47 of 1st period - Joe Thornton is hit by Ryan McDonagh.
18:59 of 1st period - Shot by Alexander Semin.
18:59 of 1st period - Stopped by Roberto Luongo without a rebound.
19:00 of 1st period - Joe Thornton wins face-off versus Matt Stajan in RedWings zone.
19:27 of 1st period - Shot by Jay Harrison.
19:27 of 1st period - Shot Misses the Net.
19:29 of 1st period - Shot by T.J. Galiardi.
19:29 of 1st period - Deflect By Mathieu Perreault.
19:29 of 1st period - Shot Misses the Net.
Goals for this period are 2 for Capitals vs 1 for RedWings.
Shots for this period are 13 for Capitals vs 15 for RedWings.

2nd period


0:01 of 2nd period - Sam Gagner wins face-off versus David Desharnais in neutral zone.
0:06 of 2nd period - Shot by Ondrej Palat.
0:06 of 2nd period - Stopped by Jimmy Howard without a rebound.
0:07 of 2nd period - David Desharnais wins face-off versus Sam Gagner in Capitals zone.
0:25 of 2nd period - Shot by Ondrej Palat.
0:25 of 2nd period - Stopped by Jimmy Howard without a rebound.
0:26 of 2nd period - Joe Thornton wins face-off versus Matt Stajan in Capitals zone.
1:24 of 2nd period - Icing by Eric Brewer.
1:25 of 2nd period - Joe Thornton wins face-off versus Daniel Briere in RedWings zone.
1:25 of 2nd period - Joe Thornton is hit by Alexander Ovechkin.
1:28 of 2nd period - Icing by Jake Gardiner.
1:29 of 2nd period - David Desharnais wins face-off versus Sean Bergenheim in RedWings zone.
1:30 of 2nd period - Shot by Alexander Semin.
1:30 of 2nd period - Stopped by Roberto Luongo with a rebound.
1:32 of 2nd period - Shot by Ryan McDonagh.
1:32 of 2nd period - Shot Blocked by Eric Brewer.
1:34 of 2nd period - Shot by Mike Green.
1:34 of 2nd period - Shot Misses the Net.
1:36 of 2nd period - Shot by Alexander Semin.
1:36 of 2nd period - Stopped by Roberto Luongo without a rebound.
1:37 of 2nd period - Alexander Semin wins face-off versus Sam Gagner in RedWings zone.
2:01 of 2nd period - Icing by Mark Fraser.
2:02 of 2nd period - Sam Gagner wins face-off versus Matt Stajan in RedWings zone.
3:12 of 2nd period - Shot by Alexander Ovechkin.
3:12 of 2nd period - Shot Misses the Net.
3:18 of 2nd period - Shot by David Desharnais.
3:18 of 2nd period - Stopped by Roberto Luongo without a rebound.
3:19 of 2nd period - Joe Thornton wins face-off versus Mathieu Perreault in RedWings zone.
4:17 of 2nd period - Shot by Ondrej Palat.
4:17 of 2nd period - Deflect By Loui Eriksson.
4:17 of 2nd period - Stopped by Jimmy Howard without a rebound.
4:18 of 2nd period - David Desharnais wins face-off versus Mark Arcobello in Capitals zone.
4:18 of 2nd period - David Desharnais is hit by Mark Arcobello.
4:25 of 2nd period - Alexander Semin is hit by Alexandre Burrows and loses puck.
4:42 of 2nd period - Shot by Ryan McDonagh.
4:42 of 2nd period - Shot Misses the Net.
4:46 of 2nd period - Shot by Alexander Ovechkin.
4:46 of 2nd period - Shot Misses the Net.
4:48 of 2nd period - Shot by Ryan McDonagh.
4:48 of 2nd period - Stopped by Roberto Luongo without a rebound.
4:49 of 2nd period - Matt Stajan wins face-off versus Sam Gagner in RedWings zone.
4:49 of 2nd period - Taylor Hall is hit by Eric Brewer and loses puck.
4:54 of 2nd period - Shot by Taylor Hall.
4:54 of 2nd period - Shot Misses the Net.
4:56 of 2nd period - Shot by Dmitri Orlov.
4:56 of 2nd period - Shot Misses the Net.
5:16 of 2nd period - Shot by Ondrej Palat.
5:16 of 2nd period - Shot Blocked by Nate Guenin.
5:46 of 2nd period - Shot by David Desharnais.
5:46 of 2nd period - Stopped by Roberto Luongo without a rebound.
5:47 of 2nd period - Daniel Briere wins face-off versus Joe Thornton in RedWings zone.
6:05 of 2nd period - Shot by Tomas Fleischmann.
6:05 of 2nd period - Shot Blocked by Mark Fraser.
6:07 of 2nd period - Shot by Mike Green.
6:07 of 2nd period - Stopped by Roberto Luongo without a rebound.
6:08 of 2nd period - Mark Arcobello wins face-off versus Mathieu Perreault in RedWings zone.
6:14 of 2nd period - Minor Penalty to Paul Martin for Elbowing.
6:15 of 2nd period - Joe Thornton wins face-off versus David Desharnais in RedWings zone.
6:26 of 2nd period - Shot by Taylor Hall.
6:26 of 2nd period - Stopped by Roberto Luongo without a rebound.
6:27 of 2nd period - David Desharnais wins face-off versus Joe Thornton in RedWings zone.
6:56 of 2nd period - Shot by David Desharnais.
6:56 of 2nd period - Shot Misses the Net.
6:58 of 2nd period - Shot by Alexander Semin.
6:58 of 2nd period - Shot Misses the Net.
7:00 of 2nd period - Shot by Taylor Hall.
7:00 of 2nd period - Stopped by Roberto Luongo without a rebound.
7:01 of 2nd period - Joe Thornton wins face-off versus Matt Stajan in RedWings zone.
7:09 of 2nd period - Icing by Dmitri Orlov.
7:10 of 2nd period - Matt Stajan wins face-off versus Joe Thornton in Capitals zone.
7:37 of 2nd period - Kevin Connauton is hit by Matt Stajan and loses puck.
7:42 of 2nd period - Shot by Matt Stajan.
7:42 of 2nd period - Stopped by Roberto Luongo with a rebound.
8:32 of 2nd period - Shot by Ville Leino.
8:32 of 2nd period - Shot Misses the Net.
8:34 of 2nd period - Shot by Ville Leino.
8:34 of 2nd period - Shot Blocked by Bryce Salvador.
8:57 of 2nd period - Shot by Ville Leino.
8:57 of 2nd period - Stopped by Jimmy Howard without a rebound.
8:58 of 2nd period - Alexander Semin wins face-off versus Sam Gagner in Capitals zone.
9:00 of 2nd period - Icing by David Desharnais.
9:01 of 2nd period - Alexander Semin wins face-off versus Sam Gagner in Capitals zone.
9:01 of 2nd period - Alexander Semin is hit by Ondrej Palat.
9:12 of 2nd period - Alexander Ovechkin is hit by Eric Brewer and loses puck.
9:14 of 2nd period - Minor Penalty to Alexander Ovechkin for Hooking.
9:15 of 2nd period - Joe Thornton wins face-off versus Matt Stajan in Capitals zone.
9:18 of 2nd period - Shot by Loui Eriksson.
9:18 of 2nd period - Goal by Loui Eriksson - Capitals : 2 - RedWings : 2.
9:19 of 2nd period - David Desharnais wins face-off versus Sam Gagner in neutral zone.
9:37 of 2nd period - Sam Gagner is hit by Mike Green and loses puck.
10:04 of 2nd period - Shot by David Desharnais.
10:04 of 2nd period - Shot Blocked by Loui Eriksson.
10:26 of 2nd period - Shot by Matt Stajan.
10:26 of 2nd period - Shot Blocked by Eric Brewer.
10:31 of 2nd period - Off-side.
10:32 of 2nd period - Mathieu Perreault wins face-off versus Mark Arcobello in neutral zone.
10:44 of 2nd period - Shot by Tyler Toffoli.
10:44 of 2nd period - Stopped by Jimmy Howard without a rebound.
10:44 of 2nd period - Minor Penalty to Jay Harrison for High sticking.
10:45 of 2nd period - Matt Stajan wins face-off versus Mark Arcobello in Capitals zone.
10:58 of 2nd period - Shot by Mark Arcobello.
10:58 of 2nd period - Shot Misses the Net.
11:58 of 2nd period - Shot by Joe Thornton.
11:58 of 2nd period - Stopped by Jimmy Howard without a rebound.
11:59 of 2nd period - Matt Stajan wins face-off versus Mark Arcobello in Capitals zone.
12:54 of 2nd period - Loui Eriksson is hit by Jay Harrison and loses puck.
13:14 of 2nd period - Shot by Loui Eriksson.
13:14 of 2nd period - Shot Misses the Net.
13:16 of 2nd period - Shot by Mark Fraser.
13:16 of 2nd period - Shot Blocked by Bryce Salvador.
13:18 of 2nd period - Shot by Ondrej Palat.
13:18 of 2nd period - Stopped by Jimmy Howard without a rebound.
13:19 of 2nd period - Mathieu Perreault wins face-off versus Ville Leino in Capitals zone.
13:50 of 2nd period - Icing by Ryan McDonagh.
13:51 of 2nd period - Sam Gagner wins face-off versus Mathieu Perreault in Capitals zone.
13:55 of 2nd period - Icing by Ryan McDonagh.
13:56 of 2nd period - Mathieu Perreault wins face-off versus Sam Gagner in Capitals zone.
14:33 of 2nd period - Sam Gagner is hit by T.J. Galiardi and loses puck.
15:23 of 2nd period - Alexander Ovechkin is hit by Hal Gill and loses puck.
15:41 of 2nd period - Mark Arcobello is hit by Bryce Salvador and loses puck.
15:42 of 2nd period - Minor Penalty to Bryce Salvador for Cross-checking.
15:43 of 2nd period - Matt Stajan wins face-off versus Mark Arcobello in Capitals zone.
15:48 of 2nd period - Shot by Paul Martin.
15:48 of 2nd period - Stopped by Jimmy Howard without a rebound.
15:49 of 2nd period - Mark Arcobello wins face-off versus Matt Stajan in Capitals zone.
15:52 of 2nd period - Shot by Jake Gardiner.
15:52 of 2nd period - Shot Misses the Net.
15:54 of 2nd period - Shot by Mark Arcobello.
15:54 of 2nd period - Shot Misses the Net.
15:56 of 2nd period - Shot by Paul Martin.
15:56 of 2nd period - Goal by Paul Martin - Capitals : 2 - RedWings : 3.
15:57 of 2nd period - Joe Thornton wins face-off versus Matt Stajan in neutral zone.
15:57 of 2nd period - Minor Penalty to Matt Stajan for Roughing.
15:58 of 2nd period - Jiri Tlusty wins face-off versus Loui Eriksson in Capitals zone.
16:13 of 2nd period - Icing by Joe Thornton.
16:14 of 2nd period - Joe Thornton wins face-off versus Jiri Tlusty in RedWings zone.
17:38 of 2nd period - Shot by Mark Arcobello.
17:38 of 2nd period - Shot Misses the Net.
17:40 of 2nd period - Shot by Tuomo Ruutu.
17:40 of 2nd period - Deflect By Sean Bergenheim.
17:40 of 2nd period - Shot Hit the Post.
17:42 of 2nd period - Shot by Mark Fraser.
17:42 of 2nd period - Stopped by Jimmy Howard with a rebound.
18:09 of 2nd period - Off-side.
18:10 of 2nd period - Sam Gagner wins face-off versus Mathieu Perreault in neutral zone.
18:22 of 2nd period - Off-side.
18:23 of 2nd period - Matt Stajan wins face-off versus Mark Arcobello in neutral zone.
19:25 of 2nd period - Nate Guenin is hit by Tuomo Ruutu and loses puck.
19:30 of 2nd period - Shot by Alexander Ovechkin.
19:30 of 2nd period - Stopped by Roberto Luongo without a rebound.
19:31 of 2nd period - Sam Gagner wins face-off versus Mathieu Perreault in RedWings zone.
Goals for this period are 0 for Capitals vs 2 for RedWings.
Shots for this period are 10 for Capitals vs 11 for RedWings.

3rd period


0:01 of 3rd period - David Desharnais wins face-off versus Joe Thornton in neutral zone.
0:03 of 3rd period - Dmitri Orlov is hit by Mark Fraser and loses puck.
0:31 of 3rd period - Paul Martin is hit by Alexander Ovechkin.
1:25 of 3rd period - Shot by Sam Gagner.
1:25 of 3rd period - Shot Misses the Net.
1:47 of 3rd period - Shot by Paul Martin.
1:47 of 3rd period - Stopped by Jimmy Howard without a rebound.
1:48 of 3rd period - Matt Stajan wins face-off versus Mark Arcobello in Capitals zone.
1:59 of 3rd period - Shot by Tyler Toffoli.
1:59 of 3rd period - Stopped by Jimmy Howard without a rebound.
2:00 of 3rd period - Joe Thornton wins face-off versus Mathieu Perreault in Capitals zone.
2:00 of 3rd period - Joe Thornton is hit by Jay Harrison.
2:02 of 3rd period - Shot by Sean Bergenheim.
2:02 of 3rd period - Stopped by Jimmy Howard with a rebound.
2:22 of 3rd period - Minor Penalty to T.J. Galiardi for Holding.
2:23 of 3rd period - Matt Stajan wins face-off versus Loui Eriksson in Capitals zone.
3:26 of 3rd period - Shot by Paul Martin.
3:26 of 3rd period - Shot Hit the Post.
3:28 of 3rd period - Shot by Paul Martin.
3:28 of 3rd period - Stopped by Jimmy Howard with a rebound.
3:30 of 3rd period - Shot by Paul Martin.
3:30 of 3rd period - Stopped by Jimmy Howard without a rebound.
3:31 of 3rd period - Matt Stajan wins face-off versus Mark Arcobello in Capitals zone.
3:46 of 3rd period - Shot by Paul Martin.
3:46 of 3rd period - Stopped by Jimmy Howard without a rebound.
3:47 of 3rd period - Joe Thornton wins face-off versus Jiri Tlusty in Capitals zone.
3:47 of 3rd period - Loui Eriksson is hit by Bryce Salvador and loses puck.
4:20 of 3rd period - Nate Guenin is hit by Alexandre Burrows and loses puck.
5:24 of 3rd period - Icing by Kevin Connauton.
5:25 of 3rd period - Matt Stajan wins face-off versus Ville Leino in RedWings zone.
5:52 of 3rd period - Shot by Sam Gagner.
5:52 of 3rd period - Deflect By Loui Eriksson.
5:52 of 3rd period - Stopped by Jimmy Howard without a rebound.
5:53 of 3rd period - Sam Gagner wins face-off versus David Desharnais in Capitals zone.
6:06 of 3rd period - Shot by Loui Eriksson.
6:06 of 3rd period - Shot Misses the Net.
6:08 of 3rd period - Shot by Sam Gagner.
6:08 of 3rd period - Goal by Sam Gagner - Capitals : 2 - RedWings : 4.
6:09 of 3rd period - Mathieu Perreault wins face-off versus Joe Thornton in neutral zone.
6:09 of 3rd period - Mathieu Perreault is hit by Sean Bergenheim.
6:12 of 3rd period - Mike Green is hit by Eric Brewer and loses puck.
6:26 of 3rd period - Ryan McDonagh is hit by Eric Brewer and loses puck.
6:38 of 3rd period - Ryan McDonagh is hit by Tuomo Ruutu and loses puck.
7:33 of 3rd period - Shot by Sam Gagner.
7:33 of 3rd period - Stopped by Jimmy Howard without a rebound.
7:34 of 3rd period - Mark Arcobello wins face-off versus David Desharnais in Capitals zone.
8:08 of 3rd period - Shot by Tyler Toffoli.
8:08 of 3rd period - Stopped by Jimmy Howard without a rebound.
8:09 of 3rd period - Matt Stajan wins face-off versus Sam Gagner in Capitals zone.
8:16 of 3rd period - Shot by Taylor Hall.
8:16 of 3rd period - Stopped by Roberto Luongo without a rebound.
8:17 of 3rd period - Matt Stajan wins face-off versus Sam Gagner in RedWings zone.
8:17 of 3rd period - Matt Stajan is hit by Eric Brewer.
8:43 of 3rd period - Shot by Loui Eriksson.
8:43 of 3rd period - Stopped by Jimmy Howard without a rebound.
8:44 of 3rd period - Joe Thornton wins face-off versus Alexander Semin in Capitals zone.
8:44 of 3rd period - Paul Martin is hit by Nate Guenin and loses puck.
8:45 of 3rd period - Double Minor Penalty to Nate Guenin for Roughing.
8:46 of 3rd period - Mark Arcobello wins face-off versus Taylor Hall in Capitals zone.
8:51 of 3rd period - Shot by Sean Bergenheim.
8:51 of 3rd period - Shot Blocked by Taylor Hall.
8:53 of 3rd period - Shot by Jake Gardiner.
8:53 of 3rd period - Shot Misses the Net.
8:55 of 3rd period - Shot by Paul Martin.
8:55 of 3rd period - Shot Misses the Net.
8:59 of 3rd period - Shot by Jake Gardiner.
8:59 of 3rd period - Shot Blocked by Ryan McDonagh.
9:01 of 3rd period - Shot by Mark Arcobello.
9:01 of 3rd period - Shot Misses the Net.
9:11 of 3rd period - Shot by Mark Arcobello.
9:11 of 3rd period - Shot Blocked by Corey Potter.
9:15 of 3rd period - Shot by Sean Bergenheim.
9:15 of 3rd period - Goal by Sean Bergenheim - Capitals : 2 - RedWings : 5.
9:16 of 3rd period - Matt Stajan wins face-off versus Joe Thornton in neutral zone.
9:43 of 3rd period - Shot by Joe Thornton.
9:43 of 3rd period - Stopped by Jimmy Howard without a rebound.
9:44 of 3rd period - Mark Arcobello wins face-off versus Matt Stajan in Capitals zone.
10:01 of 3rd period - Shot by Mark Arcobello.
10:01 of 3rd period - Deflect By Sean Bergenheim.
10:01 of 3rd period - Stopped by Jimmy Howard with a rebound.
10:03 of 3rd period - Shot by Paul Martin.
10:03 of 3rd period - Shot Blocked by Mike Green.
10:05 of 3rd period - Shot by Jake Gardiner.
10:05 of 3rd period - Stopped by Jimmy Howard without a rebound.
10:06 of 3rd period - Jiri Tlusty wins face-off versus Joe Thornton in Capitals zone.
10:42 of 3rd period - Shot by Alexandre Burrows.
10:42 of 3rd period - Deflect By Loui Eriksson.
10:42 of 3rd period - Shot Misses the Net.
10:44 of 3rd period - Shot by Eric Brewer.
10:44 of 3rd period - Stopped by Jimmy Howard without a rebound.
10:45 of 3rd period - Mark Arcobello wins face-off versus Matt Stajan in Capitals zone.
10:46 of 3rd period - Shot by Paul Martin.
10:46 of 3rd period - Stopped by Jimmy Howard with a rebound.
10:48 of 3rd period - Shot by Paul Martin.
10:48 of 3rd period - Shot Misses the Net.
10:59 of 3rd period - Icing by Sean Bergenheim.
11:00 of 3rd period - Matt Stajan wins face-off versus Mark Arcobello in RedWings zone.
11:07 of 3rd period - Shot by Taylor Hall.
11:07 of 3rd period - Stopped by Roberto Luongo without a rebound.
11:08 of 3rd period - Joe Thornton wins face-off versus Matt Stajan in RedWings zone.
11:24 of 3rd period - Shot by Alexander Ovechkin.
11:24 of 3rd period - Shot Hit the Post.
11:26 of 3rd period - Shot by David Desharnais.
11:26 of 3rd period - Shot Misses the Net.
11:28 of 3rd period - Shot by David Desharnais.
11:28 of 3rd period - Shot Misses the Net.
11:30 of 3rd period - Shot by Alexander Ovechkin.
11:30 of 3rd period - Shot Misses the Net.
11:32 of 3rd period - Shot by Alexander Semin.
11:32 of 3rd period - Shot Blocked by Mark Fraser.
11:40 of 3rd period - Shot by Dmitri Orlov.
11:40 of 3rd period - Stopped by Roberto Luongo without a rebound.
11:41 of 3rd period - Sam Gagner wins face-off versus Mathieu Perreault in RedWings zone.
11:41 of 3rd period - Sam Gagner is hit by T.J. Galiardi.
11:46 of 3rd period - Off-side.
11:47 of 3rd period - Jiri Tlusty wins face-off versus Sam Gagner in neutral zone.
12:16 of 3rd period - Shot by Ondrej Palat.
12:16 of 3rd period - Shot Misses the Net.
12:18 of 3rd period - Shot by Ondrej Palat.
12:18 of 3rd period - Shot Misses the Net.
12:20 of 3rd period - Shot by Sam Gagner.
12:20 of 3rd period - Stopped by Jimmy Howard without a rebound.
12:21 of 3rd period - David Desharnais wins face-off versus Joe Thornton in Capitals zone.
12:56 of 3rd period - Icing by Paul Martin.
12:57 of 3rd period - Joe Thornton wins face-off versus Matt Stajan in RedWings zone.
12:57 of 3rd period - Sean Bergenheim is hit by Matt Stajan and loses puck.
13:14 of 3rd period - Shot by Taylor Hall.
13:14 of 3rd period - Shot Misses the Net.
13:43 of 3rd period - Double Minor Penalty to Matt Stajan for High sticking.
13:44 of 3rd period - Joe Thornton wins face-off versus Daniel Briere in Capitals zone.
14:13 of 3rd period - Shot by Joe Thornton.
14:13 of 3rd period - Shot Misses the Net.
14:35 of 3rd period - Daniel Briere is hit by Tuomo Ruutu and loses puck.
15:22 of 3rd period - Shot by Loui Eriksson.
15:22 of 3rd period - Deflect By Alexandre Burrows.
15:22 of 3rd period - Stopped by Jimmy Howard without a rebound.
15:23 of 3rd period - Tuomo Ruutu wins face-off versus Jiri Tlusty in Capitals zone.
15:30 of 3rd period - Shot by Mark Arcobello.
15:30 of 3rd period - Stopped by Jimmy Howard without a rebound.
15:31 of 3rd period - Joe Thornton wins face-off versus Jiri Tlusty in Capitals zone.
15:36 of 3rd period - Shot by Eric Brewer.
15:36 of 3rd period - Stopped by Jimmy Howard without a rebound.
15:37 of 3rd period - Sean Bergenheim wins face-off versus Jiri Tlusty in Capitals zone.
15:40 of 3rd period - Shot by Paul Martin.
15:40 of 3rd period - Stopped by Jimmy Howard without a rebound.
15:41 of 3rd period - Jiri Tlusty wins face-off versus Joe Thornton in Capitals zone.
15:41 of 3rd period - Jiri Tlusty is hit by Alexandre Burrows.
16:36 of 3rd period - Minor Penalty to Tuomo Ruutu for High sticking.
16:37 of 3rd period - Sam Gagner wins face-off versus Alexander Ovechkin in RedWings zone.
16:59 of 3rd period - Icing by Taylor Hall.
17:00 of 3rd period - Alexander Ovechkin wins face-off versus Loui Eriksson in Capitals zone.
17:09 of 3rd period - Shot by Dmitri Orlov.
17:09 of 3rd period - Shot Blocked by Jake Gardiner.
17:11 of 3rd period - Shot by Dmitri Orlov.
17:11 of 3rd period - Shot Misses the Net.
17:27 of 3rd period - Shot by Loui Eriksson.
17:27 of 3rd period - Stopped by Jimmy Howard without a rebound.
17:28 of 3rd period - Sam Gagner wins face-off versus Alexander Ovechkin in Capitals zone.
17:35 of 3rd period - Shot by Sam Gagner.
17:35 of 3rd period - Stopped by Jimmy Howard without a rebound.
17:36 of 3rd period - Alexander Ovechkin wins face-off versus Sam Gagner in Capitals zone.
18:07 of 3rd period - Shot by Dmitri Orlov.
18:07 of 3rd period - Stopped by Roberto Luongo with a rebound.
18:09 of 3rd period - Shot by Dmitri Orlov.
18:09 of 3rd period - Shot Misses the Net.
18:11 of 3rd period - Shot by Jiri Tlusty.
18:11 of 3rd period - Stopped by Roberto Luongo without a rebound.
18:12 of 3rd period - Joe Thornton wins face-off versus Alexander Ovechkin in RedWings zone.
18:58 of 3rd period - Shot by Cody Eakin.
18:58 of 3rd period - Shot Misses the Net.
19:02 of 3rd period - Shot by T.J. Galiardi.
19:02 of 3rd period - Goal by T.J. Galiardi - Capitals : 3 - RedWings : 5.
19:03 of 3rd period - David Desharnais wins face-off versus Mark Arcobello in neutral zone.
19:13 of 3rd period - Jake Gardiner is hit by Nate Guenin.
19:45 of 3rd period - Shot by Alexander Ovechkin.
19:45 of 3rd period - Stopped by Roberto Luongo with a rebound.
19:46 of 3rd period - Minor Penalty to Alexander Ovechkin for Boarding.
19:47 of 3rd period - Matt Stajan wins face-off versus Joe Thornton in Capitals zone.
Goals for this period are 1 for Capitals vs 2 for RedWings.
Shots for this period are 7 for Capitals vs 24 for RedWings.


Output by the SimonT Hockey Simulator (STHS) for Stephane Roy -- Original Page W3C XHTML 1.0 Valid
Hockey Simulator - Hockey Simulation - Hockey Manager